 Dungeon Crawl Stone Soup version 0.31.0-11-ge490571c62 (webtiles) character file.

Game seed: 9520957421828138615

77 dave1331 the Ruffian (level 4, 0/37 HPs)
             Began as a Ghoul Gladiator on Jan 26, 2024.
             Slain by a gnoll
             ... wielding a +0 whip of holy wrath
              (8 damage)
             ... on level 3 of the Dungeon.
             The game lasted 00:07:31 (1788 turns).

dave1331 the Ruffian (Ghoul Gladiator)              Turns: 1788, Time: 00:07:32

Health: 0/37       AC:  4    Str: 19    XL:     4   Next: 34%
Magic:  4/4        EV: 12    Int:  7    God:
Gold:   1258       SH:  0    Dex: 10    Spells: 3/3 levels left

rFire   . . .        c - +9 great sword of Fury {flame, rN+}
rCold   + . .        (shield currently unavailable)
rNeg    + + +        a - +0 leather armour
rPois   ∞            b - +0 helmet
rElec   .            (no cloak)
rCorr   .            (no gloves)
SInv    .            (no boots)
Will    .....        (no amulet)
Stlth   +            d - ring of flight
HPRegen 0.00/turn    (no ring)
MPRegen 0.09/turn

%: no passive effects
@: flying, inhibited regen, studying Dodging
A: claws 1, cold resistance 1, negative energy resistance 3, inhibited
regeneration, torment resistance 2, devour on kill
a: no special abilities


You were on level 3 of the Dungeon.
You visited 1 branch of the dungeon, and saw 3 of its levels.

You collected 1258 gold pieces.

Inventory:

Hand Weapons
 c - the +9 great sword of Fury (weapon) {flame, rN+}
   (You acquired it on level 2 of the Dungeon)

   rN+:       It protects you from negative energy.
 g - a +0 hand axe
Armour
 a - a +0 leather armour (worn)
 b - a +0 helmet (worn)
Jewellery
 d - a ring of flight (left claw)
Scrolls
 f - a scroll of teleportation
 j - 2 scrolls of poison
 l - a scroll of fear
Potions
 e - a potion of resistance {unknown}
 n - a potion of haste


   Skills:
 + Level 2.6 Fighting
 + Level 0.8 Long Blades
 + Level 0.5 Axes
 + Level 2.6 Throwing
 + Level 3.2 Dodging
 + Level 0.1 Stealth
 + Level 3.6 Unarmed Combat


You had 3 spell levels left.
You didn't know any spells.
Your spell library was empty.

Dungeon Overview and Level Annotations

Branches:
Dungeon (3/15)

Altars:

Shops:
D:1 :

Portals:
Sewer: D:3


Innate Abilities, Weirdness & Mutations

You are immune to poison.
You have sharp fingernails.
Your flesh is cold resistant. (rC+)
You are immune to negative energy. (rN+++)
You do not regenerate when monsters are visible.
You are immune to unholy pain and torment.
You thrive by killing the living.


Message History

You now have 1258 gold pieces (gained 6).
m - a javelin
Found a robe.
You see here a +0 robe.
Found a stone staircase leading up.
You hear the slow rusting of a very distant drain.
There is a stone staircase leading up here.
Found a leather armour.
You see here a +0 leather armour.
Found 7 stones.
f - a scroll of teleportation An orc comes into view.
It is wielding a +0 falchion.
The orc shouts!
An orc is nearby!
You throw a javelin. The javelin pierces through the orc!
You kill the orc!
An adder comes into view.
A gnoll comes into view. It is wielding a +0 whip of holy wrath.
The gnoll shouts!
You hear a shout!
A gnoll comes into view. It is wielding a +0 whip.
The gnoll shouts!
The adder hisses angrily.
You hear a shout!
The adder barely misses you.
A gnoll comes into view. It is wielding a +0 spear.
You closely miss the adder. The adder bites you. x2
You hit the adder. You burn the adder.
The adder is moderately wounded.
The adder bites you but does no damage. The adder closely misses you.
You barely miss the adder.
The adder is moderately wounded.
The adder misses you. The gnoll barely misses you.
The adder closely misses you.
The gnoll hits you with a +0 whip of holy wrath!
You convulse!
You miss the adder.
The adder is moderately wounded.
The adder barely misses you.
The gnoll hits you with a +0 whip of holy wrath.
* * * LOW HITPOINT WARNING * * *
You convulse!
You die...

#.#####.# #.#
........############.#
..........[..........#
#.#####.##############
#.# #.# #######.#
...gg.g.# #######@#
#S# #)# .(# ..# ....
.... .....


You could see 3 gnolls and an adder.

Vanquished Creatures
  Robin (D:3)
  2 adders (D:2)
  A dart slug (D:2)
  An orc (D:3)
  4 endoplasms
  2 giant cockroaches (D:2)
  10 goblins
  4 hobgoblins (D:3)
  4 jackals (D:1)
  3 kobolds
  4 ball pythons
  3 bats
  3 rats
42 creatures vanquished.

Notes
Turn   | Place    | Note
-------+----------+-------------------------------------------
     0 | D:1      | dave1331 the Ghoul Gladiator began the quest for the Orb.
     0 | D:1      | Reached XP level 1. HP: 17/17 MP: 1/1
   115 | D:1      | Found Lyop's Book Boutique.
   380 | D:1      | Reached XP level 2. HP: 24/24 MP: 2/2
   707 | D:2      | Identified 3 scrolls of acquirement
   761 | D:2      | Acquired the +9 great sword of Fury {flame, rN+}
   782 | D:2      | Reached XP level 3. HP: 30/30 MP: 3/3
   965 | D:2      | Found a faded altar of an unknown god.
  1508 | D:2      | Acquired 1128 gold pieces
  1513 | D:2      | Acquired a manual of Dodging
  1570 | D:3      | Noticed Robin
  1578 | D:3      | Reached XP level 4. HP: 23/37 MP: 4/4
  1579 | D:3      | Killed Robin
  1678 | D:3      | Found a glowing drain.
  1788 | D:3      | Slain by a gnoll

Illustrated notes

Levels and vault maps discovered:
D:1:      minmay_arrival_checkered_box, layout_basic, serial_shops, shop,
          wad_floor_pattern_1, chequers_mini_garden
D:2:      layout_loops_cross, shapermc_ecumenical_altar_acropolis,
          minmay_split_cup_small
D:3:      layout_loops_ring, mainiacjoe_overflow_tiny_flanked,
          portal_sewer_entry_e, ebering_ghost_reflecting_pool,
          minmay_close_crescents, uniq_robin

Skill      XL: |  1  2  3 |
---------------+----------+-----
Throwing       | 2 |  2.6
Dodging        | 3 |  3.2
Fighting       | |  2.6
Long Blades    | |  0.8
Axes           | |  0.5
Stealth        | |  0.1
Unarmed Combat | |  3.6

Action                     |  1- 3 |  4- 6 || total
---------------------------+-------+-------++-------
  Melee: Hand axe          |    24 |       ||    24
         Unarmed           |     7 |       ||     7
         Punch             |     1 |       ||     1
         Great sword       |    26 |    13 ||    39
  Throw: Throwing net      |    10 |       ||    10
         Javelin           |    12 |     2 ||    14
    Use: Scroll            |    11 |       ||    11
         Potion            |     5 |       ||     5
 Armour: Leather armour    |    45 |    11 ||    56
  Dodge: Dodged            |    73 |    12 ||    85
